 Dungeon Crawl Stone Soup version 0.31-a0-1522-g43313d8a59 (webtiles) character file.

Game seed: 13973125404571126544

504 Demosthentine the Ducker (level 6, -3/64 HPs)
             Began as a Demonspawn Gladiator on Dec 31, 2023.
             Succumbed to Sigmund's poison
             ... on level 5 of the Dungeon.
             The game lasted 00:04:11 (2638 turns).

Demosthentine the Ducker (Demonspawn Gladiator)     Turns: 2638, Time: 00:04:12

Health: -3/64      AC: 23    Str: 16    XL:     6   Next: 96%
Magic:  6/6        EV:  2    Int:  8    God:
Gold:   792        SH:  0    Dex: 15    Spells: 5/5 levels left

rFire   . . .        g - +6 spear
rCold   . . .        (no shield)
rNeg    . . .        b - melded +0 leather armour
rPois   +            c - melded +1 helmet
rElec   .            (cloak currently unavailable)
rCorr   .            (gloves currently unavailable)
SInv    .            (boots currently unavailable)
Will    .....        (no amulet)
Stlth   +            (no ring)
HPRegen 0.30/turn    (no ring)
MPRegen 0.10/turn

%: clarity
@: lethally poisoned (-3 -> -20), tree-form
A: stationary, stasis, torment immunity, boosted hp, powered by death 1, (sharp
scales 1), (weakness stinger 1), clarity, frail 1, (sturdy frame 1)
a: no special abilities


You were on level 5 of the Dungeon.
You were a tree.
You visited 1 branch of the dungeon, and saw 5 of its levels.

You collected 792 gold pieces.

Inventory:

Hand Weapons
 g - a +6 spear (weapon)
Missiles
 d - 3 throwing nets (quivered)
 e - a javelin
Armour
 b - a +0 leather armour (melded)
 c - a +1 helmet (melded)
Wands
 a - a wand of quicksilver (13)
Scrolls
 k - 2 scrolls of enchant weapon
 n - a scroll of fear
Potions
 h - a potion of enlightenment
 i - a potion of heal wounds {unknown}
 j - a potion of ambrosia {unknown}
 l - a potion of curing {unknown}
 m - a potion of haste {unknown}


   Skills:
 + Level 4.0 Fighting
 + Level 4.2 Polearms
 - Level 1.7 Throwing
 + Level 3.1 Armour
 + Level 4.2 Dodging


You had 5 spell levels left.
You didn't know any spells.
Your spell library contained the following spells:

 Spells                   Type           Power      Damage    Failure   Level
 Cigotuvi's Dreadful Rot  Necr/Alch/Air  0%         N/A       54%         2
 Ignite Poison            Fire/Alch      0%         N/A       99%         4
 Freezing Cloud           Conj/Ice/Air   0%         6-21      100%        5


Dungeon Overview and Level Annotations

Branches:
Dungeon (5/15)
 Temple: D:4-7

Altars:
Ashenzari
Makhleb
Trog
Wu Jian


Innate Abilities, Weirdness & Mutations

You are a tree.
Your roots penetrate the ground, keeping you stationary.
You cannot be teleported.
You are immune to unholy pain and torment.
Your maximum health is greatly increased.
Your equipment is partially melded.
You regenerate a little health from kills.
((You are partially covered in razor-sharp scales. (AC +1, Slay +1)))
((You have a small tail.))
You possess an exceptional clarity of mind.
You are frail. (-10% HP)
((Your movements are slightly less encumbered by armour. (ER -2)))


Message History

You feel sick. Sigmund gestures at you while chanting.
The puff of flame misses you.
You bump into the rock wall.
You feel sick.
Sigmund hits you from afar with a +2 scythe of venom.
You are lethally poisoned!
Unknown command.
You feel less confused.
You feel very sick. Sigmund gestures at you while chanting.
The magic dart hits you.
* * * LOW HITPOINT WARNING * * *
Unknown command.
* * * LOW HITPOINT WARNING * * *
You feel very sick.
Sigmund gestures wildly while chanting.
Sigmund flickers and vanishes!
Deactivating autopickup; reactivate with Ctrl-A.
Unknown command.
It was a potion of lignification.
You turn into a tree.
Your +1 helmet melds into your body.
Your +0 leather armour melds into your body.
Your roots penetrate the ground.
* * * LOW HITPOINT WARNING * * *
You feel very sick. Something hits you but does no damage.
You are more poisoned.
Reach: g) +6 spear
Press: ? - help, Dir - move target You reach to attack!
You puncture something!
Reactivating autopickup.
You feel a bit more experienced.
* * * LOW HITPOINT WARNING * * *
You feel very sick.
Your Fighting skill increases to level 4!
Your Armour skill increases to level 3!
It was a potion of mutation.
You feel extremely strange.
You feel less encumbered by your armour.
Your thoughts seem clearer.
You feel frail.
You die...

... #.# #.#
####.## # #.....#
. # # #.....#
.#.#.. #..<..##
.#..$.
#......##......
##.....♣.)....#
#......#.....##
##.###.....#.....
#######..##..###.#
####
#...........## .#
#.##.......## .#
###.###.....## ..
#8...8####### ..
.......# .♣.


There were no monsters in sight!

Vanquished Creatures
  Sigmund (D:5)
  An ogre (D:4)
  2 bombardier beetles
  An iguana (D:4)
  4 adders
  4 gnolls (D:2)
  A dart slug (D:5)
  A ribbon worm (D:2)
  15 ball pythons
  5 endoplasms
  A giant cockroach (D:1)
  12 goblins
  10 hobgoblins
  6 jackals
  4 quokkas
  4 bats
  3 frilled lizards (D:2)
  8 kobolds
  5 rats
88 creatures vanquished.

Notes
Turn   | Place    | Note
-------+----------+-------------------------------------------
     0 | D:1      | Demosthentine the Demonspawn Gladiator began the quest for
                  | the Orb.
     0 | D:1      | Reached XP level 1. HP: 16/16 MP: 1/1
    64 | D:1      | Gained mutation: You regenerate a little health from kills.
                  | [demonic ancestry]
    64 | D:1      | Reached XP level 2. HP: 3/22 MP: 2/2
   431 | D:1      | Reached skill level 1 in Armour
   484 | D:1      | Identified a scroll of acquirement
   484 | D:1      | Acquired 633 gold pieces
   527 | D:2      | Reached XP level 3. HP: 23/28 MP: 3/3
   823 | D:2      | Gained mutation: You are partially covered in razor-sharp
                  | scales. (AC +1, Slay +1) [demonic ancestry]
   823 | D:2      | Reached XP level 4. HP: 24/34 MP: 4/4
   843 | D:2      | Identified the +2 sling of Viakih {drain, rPois}
  1475 | D:3      | Reached XP level 5. HP: 10/41 MP: 5/5
  1841 | D:3      | Found a burning altar of Makhleb.
  1976 | D:3      | Found a bloodstained altar of Trog.
  2049 | D:3      | Found a broken altar of Ashenzari.
  2361 | D:4      | Noticed an ogre
  2372 | D:4      | Killed an ogre
  2373 | D:4      | Gained mutation: You have a small tail. [demonic ancestry]
  2373 | D:4      | Reached XP level 6. HP: 32/48 MP: 6/6
  2585 | D:5      | Entered Level 5 of the Dungeon
  2601 | D:5      | Found an ornate altar of the Wu Jian Council.
  2622 | D:5      | Noticed Sigmund
  2637 | D:5      | Killed Sigmund
  2637 | D:5      | HP: 1/72 [poisoned by Sigmund]
  2638 | D:5      | Gained mutation: Your movements are slightly less
                  | encumbered by armour. (ER -2) [potion of mutation]
  2638 | D:5      | Gained mutation: You possess an exceptional clarity of
                  | mind. [potion of mutation]
  2638 | D:5      | Gained mutation: You are frail. (-10% HP) [potion of
                  | mutation]
  2638 | D:5      | Succumbed to Sigmund's poison

Illustrated notes

Levels and vault maps discovered:
D:1:      saegor_arrival_simple_c, layout_rooms
D:2:      layout_basic, minmay_fractal_squares_gapless_5
D:3:      layout_rooms, lemuel_doored_altar, ashenzari_altar_1, bloody_makhleb,
          trog_book
D:4:      layout_basic
D:5:      lemuel_castle_with_subvaults [lemuel_castle_interior_carwin_2],
          layout_rooms, mainiacjoe_overflow_boulevard,
          mainiacjoe_overflow_24_doors, nzn_wu_jian_council_hall, led_sif_book,
          uniq_sigmund

Skill      XL: |  1  2  3  4  5  6 |
---------------+-------------------+-----
Dodging        | 3 4 |  4.2
Polearms       | 3 4 |  4.2
Armour         | 1 2 3 |  3.1
Fighting       | 3 4 |  4.0
Throwing       | |  1.7

Action                     |  1- 3 |  4- 6 || total
---------------------------+-------+-------++-------
  Melee: Trident           |   139 |    73 ||   212
         Punch             |     1 |     2 ||     3
         Spear             |       |    70 ||    70
  Throw: Throwing net      |       |     2 ||     2
    Use: Scroll            |     4 |     4 ||     8
         Potion            |       |     2 ||     2
   Stab: Held in net/web   |       |     1 ||     1
         Sleeping          |       |     1 ||     1
 Armour: Leather armour    |    85 |    56 ||   141
         Skin              |       |     1 ||     1
  Dodge: Dodged            |   106 |    80 ||   186

Table legend: (Time is in decaauts)
 A = Elapsed time spent in this place.
 B = Non-inter-level travel time spent in this place.
 C = Inter-level travel time spent in this place.
 D = Time resting spent in this place.
 E = Time spent auto-exploring this place.
 F = Levels seen in this place.
 G = Mean time per level.
                   A        B        C        D        E       F      G
               +--------+--------+--------+--------+--------+-----+--------+
         Total |   2661 |   2567 |     94 |      0 |   2000 |   5 |  532.2 |
       Dungeon |   2661 |   2567 |     94 |      0 |   2000 |   5 |  532.2 |
               +--------+--------+--------+--------+--------+-----+--------+

Top non-repeatable levels by time:
     D:2: 948 daAuts
     D:3: 679 daAuts
     D:1: 528 daAuts
     D:4: 452 daAuts
     D:5: 52 daAuts
